 Dungeon Crawl Stone Soup version 0.18.1-5-g4a78601 (webtiles) character file.

1825 Romlok the Destroyer (level 9, -4/48 HPs)
             Began as a Vine Stalker Conjurer on May 13, 2016.
             Was a Follower of Ru.
             Killed from afar by an electric eel (13 damage)
             ... with a bolt of electricity
             ... on level 11 of the Dungeon.
             The game lasted 02:31:30 (16457 turns).

Romlok the Destroyer (Vine Stalker Conjurer)       Turns: 16457, Time: 02:31:31

Health: -4/48      AC:  7    Str: 11    XL:     9   Next: 11%
Magic:  0/20       EV: 14    Int: 18    God:    Ru [*.....]
Gold:   419        SH:  0    Dex: 15    Spells: 2 memorised, 19 levels left

rFire  + . .     SeeInvis .     b - +0 flail (protect)
rCold  . . .     Gourm    .     y - +0 robe {MR+}
rNeg   . . .     Faith    .     (no shield)
rPois  .         Spirit   +     (no helmet)
rElec  .         Dismiss  .     (no cloak)
rCorr  +         Reflect  .     (no gloves)
SustAt .         Harm     .     (no boots)
MR     ++...                    (no amulet)
Stlth  +++.......               q - ring of protection from fire
                                l - ring of resist corrosion

@: about to teleport, very resistant to hostile enchantments, fairly stealthy
A: fangs 3, regeneration 2, magic shield, antimagic bite, no device heal 3, rot
immunity, inexperienced 1
a: Renounce Religion


You were on level 11 of the Dungeon.
You worshipped Ru.
Ru was aware of your devotion.
You were not hungry.

You visited 2 branches of the dungeon, and saw 13 of its levels.

You collected 451 gold pieces.
You spent 32 gold pieces at shops.

Inventory:

Hand Weapons
 a - a +2 mace of draining
 b - a +0 flail of protection (weapon)
 h - a +4 war axe
 p - a +0 falchion of holy wrath
 r - a +1 hand axe of chopping
 s - a +0 morningstar
 x - a +1 hand crossbow of flaming
 z - a +0 dagger of freezing
Missiles
 e - 252 stones (quivered)
 i - a throwing net
Armour
 y - a +0 robe of magic resistance (worn)
Rods
 d - a +0 rod of inaccuracy (12/12)
   (You took it off a crimson imp on level 6 of the Dungeon)
Jewellery
 l - a ring of resist corrosion (left hand)
 q - a ring of protection from fire (right hand)
Wands
 m - a wand of iceblast (9/15)
 o - a wand of confusion (33/48)
 K - a wand of iceblast (2/15)
Scrolls
 g - 11 scrolls of identify
 u - 4 scrolls of remove curse
 v - 2 scrolls of teleportation
 w - 2 scrolls of enchant armour
 D - a scroll of brand weapon {unknown}
 E - a scroll of silence {unknown}
 F - 3 scrolls of amnesia {unknown}
 G - a scroll of immolation {unknown}
 H - a scroll of enchant weapon
 L - a scroll of blinking {unknown}
Potions
 f - a potion of might
 n - 2 potions of curing
 t - a potion of invisibility
 B - a potion of haste
 C - a potion of flight
 J - a potion of ambrosia
Books
 A - a book of Conjurations

   Spells                             Type                      Level
   a - Magic Dart                     Conjuration                  1
   b - Searing Ray                    Conjuration                  2
   c - Dazzling Spray                 Conjuration/Hexes            3
   d - Fulminant Prism                Conjuration/Hexes            4
   e - Iskenderun's Mystic Blast      Conjuration                  4
   f - Iskenderun's Battlesphere      Conjuration/Charms           5
Comestibles
 c - 12 bread rations
 j - 3 beef jerkies
 k - 3 meat rations


   Skills:
 - Level 6.0 Fighting
 * Level 7.4 Maces & Flails
 - Level 3.3 Throwing
 - Level 4.4 Dodging
 - Level 5.0 Stealth
 - Level 7.1 Spellcasting
 - Level 9.4 Conjurations


You had 19 spell levels left.
You knew the following spells:

 Your Spells              Type           Power        Failure   Level  Hunger
a - Magic Dart            Conj           ####         1%          1    None
e - Searing Ray           Conj           #####.       1%          2    None


Dungeon Overview and Level Annotations

Branches:
Dungeon (12/15)            Temple (1/1) D:4            Lair (0/8) D:10
    Orc (0/2) D:10

Altars:
Ashenzari
Cheibriados
Dithmenos
Elyvilon
Fedhas
Gozag
Kikubaaqudgha
Makhleb
Nemelex Xobeh
Okawaru
Pakellas
Qazlal
Ru
Sif Muna
Trog
Vehumet
Xom
Yredelemnul
Zin
The Shining One

Shops:
D:9 !

Annotations:
D:4 Pikel
D:7 Edmund
D:9 namelastname112's ghost, journeyman OpMo


Innate Abilities, Weirdness & Mutations

You have razor-sharp teeth.
You heal very quickly.
When hurt, damage is shared between your health and your magic reserves.
Your bite disrupts and absorbs the magic of your enemies.
Potions and wands cannot restore your health.
You are immune to rotting.
You are somewhat inexperienced (-2 XL).


Message History

Press: ? - help, Shift-Dir - straight line, f - electric eel
Aim: an electric eel (water, hasn't noticed you)
The searing ray hits the electric eel.
The electric eel is moderately wounded.
The electric eel shoots out a bolt of lightning at you!
The bolt of electricity hits you! x2
The searing ray misses the electric eel.
The searing ray misses the electric eel.
The searing ray misses the electric eel.
The electric eel shoots out a bolt of lightning at you!
The bolt of electricity hits you! x2
* * * LOW HITPOINT WARNING * * *
The bolt of electricity hits the electric eel.
The electric eel completely resists.
Read which item? (? for menu, Esc to quit)
As you read the scroll of teleportation, it crumbles to dust.
You feel strangely unstable.
The electric eel shoots out a bolt of lightning at you!
The bolt of electricity hits you!
You die...

.##.....#########...#)#<.#
.##.....# #...#.#.^#
.##.D...# #...#.#..#
.####.#.# #...#.####
.####...#################
...............#.........
.#####..########.≈≈≈≈≈≈≈≈
## #.>...D...+.≈≈≈≈≈≈≈≈
###########@≈;≈≈≈≈≈≈
#.≈≈≈≈≈≈≈≈ #......$..
##########


You could see an electric eel.

Vanquished Creatures
  A two-headed ogre (D:11)
  Prince Ribbit (D:5)
  A wyvern (D:11)
  A spriggan (D:7)
  2 hill giant zombies (D:10)
  A yak (D:9)
  2 hungry ghosts
  A hippogriff (D:9)
  The ghost of Yendor the Covert, an amateur OpAs of Dithmenos (D:3)
  Duvessa (D:6)
  2 ice beasts
  5 orc warriors
  6 phantoms
  A slave (D:7)
  A black bear (D:8)
  2 sky beasts
  A centaur (D:8)
  An eye of draining (D:8)
  4 ogres
  A crocodile (D:11)
  A big kobold (D:10)
  3 giant frogs
  A gnoll sergeant (D:11)
  Dowan (D:6)
  14 killer bees
  A scorpion (D:7)
  4 wights (D:7)
  2 howler monkeys (D:5)
  4 crimson imps
  2 jellies
  A wasp zombie (D:12)
  3 giant frog zombies
  10 hounds
  3 centaur skeletons
  2 giant frog skeletons
  6 orc priests
  4 iguanas
  12 orc wizards
  7 worker ants
  A killer bee zombie (D:10)
  4 ogre zombies (D:10)
  2 hound zombies
  4 hound skeletons
  4 gnolls (D:11)
  A howler monkey skeleton (D:4)
  8 adders
  4 shadow imps
  2 oozes
  3 adder zombies (D:5)
  3 worms
  12 dart slugs
  6 giant geckos
  62 orcs
  2 ball pythons
  4 bats
  5 giant cockroaches
  7 goblins (D:1)
  11 hobgoblins
  7 jackals
  5 quokkas
  A ball python skeleton (D:6)
  A giant gecko skeleton (D:6)
  3 giant newts
  2 goblin zombies (D:10)
  2 hobgoblin skeletons (D:10)
  A hobgoblin zombie (D:10)
  9 kobolds
  An orc skeleton (D:10)
  7 orc zombies (D:10)
  6 rats
307 creatures vanquished.

Vanquished Creatures (others)
  A human (D:3)
1 creature vanquished.

Grand Total: 308 creatures vanquished

Notes
Turn   | Place    | Note
--------------------------------------------------------------
     0 | D:1      | Romlok the Vine Stalker Conjurer began the quest for the Orb.
     0 | D:1      | Reached XP level 1. HP: 9/9 MP: 4/4
   284 | D:1      | Reached XP level 2. HP: 13/13 MP: 4/6
   560 | D:1      | Reached XP level 3. HP: 16/16 MP: 4/8
  1457 | D:1      | Learned a level 2 spell: Searing Ray
  1671 | D:2      | Found a snail-covered altar of Cheibriados.
  1671 | D:2      | Found a shattered altar of Ashenzari.
  1753 | D:2      | Reached XP level 4. HP: 21/21 MP: 8/10
  2167 | D:2      | Reached skill level 5 in Conjurations
  2570 | D:3      | Noticed Yendor's ghost (amateur OpAs)
  2674 | D:3      | Noticed an orc warrior
  2975 | D:3      | Found an ancient bone altar of Kikubaaqudgha.
  3024 | D:3      | Noticed a human
  3026 | D:3      | Killed a human
  3141 | D:3      | Found an ancient bone altar of Kikubaaqudgha.
  3141 | D:3      | Found a burning altar of Makhleb.
  3205 | D:4      | Noticed Pikel
  3205 | D:4      | Noticed a slave
  3205 | D:4      | Noticed a slave
  3205 | D:4      | Noticed a slave
  3205 | D:4      | Noticed a slave
  3267 | D:4      | Reached XP level 5. HP: 12/24 MP: 1/11
  3373 | D:4      | Found a staircase to the Ecumenical Temple.
  3379 | Temple   | Entered the Ecumenical Temple
  3599 | D:5      | Entered Level 5 of the Dungeon
  3868 | D:5      | Gained mutation: You heal very quickly. [Vine Stalker growth]
  3868 | D:5      | Reached XP level 6. HP: 28/28 MP: 6/13
  4017 | D:5      | Noticed a phantom
  4020 | D:5      | Noticed a sky beast
  4054 | D:5      | Killed a sky beast
  4054 | D:5      | Reached skill level 6 in Conjurations
  4086 | D:5      | Killed a phantom
  4086 | D:5      | Reached skill level 5 in Spellcasting
  4086 | D:5      | Reached XP level 7. HP: 18/32 MP: 1/15
  4230 | D:5      | Noticed Prince Ribbit
  4981 | D:4      | Found an oddly glowing altar of Pakellas.
  5041 | D:4      | Found a sparkling altar of Nemelex Xobeh.
  5163 | D:4      | Reached skill level 7 in Conjurations
  5200 | D:4      | Reached skill level 1 in Fighting
  5360 | D:4      | Got a jewelled scale mail
  5620 | D:5      | Gained mutation: You have razor-sharp teeth. [Vine Stalker growth]
  5620 | D:5      | Reached XP level 8. HP: 33/39 MP: 7/18
  5748 | D:5      | Killed Prince Ribbit
  6121 | D:6      | Noticed Edmund
  6176 | D:6      | Identified the +6 scale mail "Foonad" {-Tele rElec Int+7 Dex+4} (You found it on level 4 of the Dungeon)
  6547 | D:6      | Found a shattered altar of Ashenzari.
  6613 | D:6      | Noticed Duvessa
  6660 | D:6      | Noticed Dowan
  6745 | D:6      | Reached skill level 8 in Conjurations
  7023 | D:6      | Reached skill level 5 in Fighting
  7049 | D:6      | Reached XP level 9. HP: 47/47 MP: 6/19
  7123 | D:6      | Killed Duvessa
  7211 | D:6      | Killed Dowan
  8456 | D:3      | Killed Yendor's ghost
  8456 | D:3      | Reached skill level 1 in Throwing
  8858 | D:7      | Reached skill level 9 in Conjurations
  9580 | D:7      | Found a glowing golden altar of the Shining One.
  9776 | D:7      | Reached XP level 10. HP: 53/53 MP: 14/20
 10913 | D:8      | Reached skill level 5 in Stealth
 11431 | D:8      | Got an encrusted chain mail
 11432 | D:8      | Identified the +3 chain mail "Wyfa" {Str+3} (You found it on level 8 of the Dungeon)
 11519 | D:9      | Reached skill level 1 in Maces & Flails
 11806 | D:9      | Noticed namelastname112's ghost (journeyman OpMo)
 11925 | D:9      | You fall through a shaft for 3 floors!
 12268 | D:11     | Noticed a four-headed hydra
 12740 | D:10     | Entered Level 10 of the Dungeon
 12869 | D:10     | Found a staircase to the Lair.
 13106 | D:9      | Found a radiant altar of Vehumet.
 13495 | D:10     | Reached skill level 5 in Maces & Flails
 13612 | D:9      | Found Zoutz's Distillery.
 13617 | D:9      | Bought a potion of mutation for 32 gold pieces
 13783 | D:9      | Found a sacrificial altar of Ru.
 13791 | D:9      | Became a worshipper of Ru the Awakened
 14690 | D:10     | Found a staircase to the Orcish Mines.
 15072 | D:10     | Reached XP level 11. HP: 56/56 MP: 13/22
 15169 | D:10     | Noticed an orc sorcerer
 16207 | D:12     | Gained mutation: You are somewhat inexperienced (-2 XL). [Ru sacrifice]
 16207 | D:12     | Reached XP level 10. HP: 53/53 MP: 21/21
 16207 | D:12     | Reached XP level 9. HP: 48/48 MP: 20/20
 16207 | D:12     | Reached * piety under Ru
 16266 | D:12     | Noticed a deep elf mage
 16276 | D:12     | Noticed a hill giant
 16457 | D:11     | Killed from afar by an electric eel

Skill      XL: |  1  2  3  4  5  6  7  8  9 10 11 |
---------------+----------------------------------+-----
Spellcasting   | 3 4 5 6 7 |  7.1
Conjurations   | 5 6 7 8 9 |  9.4
Fighting       | 2 5 6 |  6.0
Dodging        | 2 4 |  4.4
Stealth        | 4 5 |  5.0
Throwing       | 2 3 |  3.3
Maces & Flails | 6 7 |  7.4

Action                   |  1- 3 |  4- 6 |  7- 9 | 10-12 || total
-------------------------+-------+-------+-------+-------++-------
Melee: Dagger            |     7 |    55 |     4 |     3 ||    69
       Bite              |     1 |    10 |     3 |     3 ||    17
       Mace              |       |       |       |    10 ||    10
       Flail             |       |       |       |    12 ||    12
Throw: Throwing net      |       |     1 |       |       ||     1
       Stone             |       |     4 |     9 |    18 ||    31
 Cast: Magic Dart        |    68 |   110 |   183 |   121 ||   482
       Searing Ray       |     1 |    10 |    80 |   107 ||   198
Invok: Sacrifice Experie |       |       |     1 |       ||     1
  Use: Potion            |     2 |     5 |     3 |     1 ||    11
       Scroll            |       |     4 |     7 |     3 ||    14
 Stab: Sleeping          |     1 |       |       |       ||     1
  Eat: Chunk             |     3 |     7 |    16 |    18 ||    44
       Beef jerky        |       |       |     1 |       ||     1
       Pizza             |       |       |       |     3 ||     3
Armor: Robe              |     3 |    14 |    12 |    25 ||    54
Dodge: Dodged            |    10 |    52 |    74 |    99 ||   235
